[Event "ESP chT Honor Division 2019"]
[Site "Melilla"]
[Date "2019.10.04"]
[Round "5.12"]
[White "Milliet, Sophie"]
[Black "Vega Gutierrez, Sabrina"]
[Result "1/2-1/2"]
[ECO "B30"]
[WhiteElo "2400"]
[BlackElo "2395"]
[Annotator "NA"]
[PlyCount "87"]
[EventDate "2019.09.30"]
[EventType "team-tourn"]
[EventCountry "ESP"]
[SourceTitle "playchess.com"]
[Source "ChessBase"]
[SourceQuality "1"]
[TimeControl "40/5400+30:1800+30"]

1. e4 c5 2. Nf3 Nc6 3. Bb5 e6 4. O-O Nge7 5. Re1 a6 6. Bxc6 Nxc6 7. d4 cxd4 8. Nxd4 d6 9. Nc3 Be7 10. Nxc6 bxc6 11. Qg4 Kf8 12. Qh5 e5 13. f4 f6 14. fxe5 dxe5 15. Be3 Be6 16. Na4 Qa5 17. b3 Rb8 18. Rad1 Qb4 19. Qf3 Kf7 20. c3 Qb5 21. Qf2 Rhd8 22. h3 Rxd1 23. Rxd1 Rd8 24. Rxd8 Bxd8 25. Qd2 Be7 26. Bf2 Qb8 27. Qe2 Qb5 28. c4 Qb4 29. Qh5+ Kf8 30. Qxh7 Qd2 31. Nc5 Bg8 32. Qf5 Qc1+ 33. Kh2 Bxc5 34. Bxc5+ Kf7 35. Qd7+ Kg6 36. Qf5+ Kh6 37. Bd6 Qd2 38. c5 Bh7 39. Qg4 Qg5 40. Qf3 Qg6 41. Bf8 Qg5 42. Bd6 Bg6 43. Qg3 Bxe4 44. Qxg5+ 1/2-1/2

[Event "ESP chT Honor Division 2019"]
[Site "Melilla"]
[Date "2019.10.04"]
[Round "5.13"]
[White "Cheparinov, Ivan"]
[Black "Bacrot, Etienne"]
[Result "1-0"]
[ECO "D37"]
[WhiteElo "2670"]
[BlackElo "2671"]
[Annotator "ChessBase"]
[PlyCount "58"]
[EventDate "2019.09.30"]
[EventType "team-tourn"]
[EventCountry "ESP"]
[SourceTitle "playchess.com"]
[Source "ChessBase"]
[SourceQuality "1"]
[TimeControl "40/5400+30:1800+30"]

1. d4 d5 2. Nf3 Nf6 3. c4 e6 4. Nc3 Be7 5. Bf4 O-O 6. e3 Nbd7 7. Be2 dxc4 8. O-O a6 9. a4 c5 10. d5 exd5 11. Nxd5 Nxd5 12. Qxd5 Nf6 13. Qxd8 Rxd8 14. Bc7 Rd7 15. Ba5 Rd6 16. Ne5 b6 17. Bc3 Bb7 18. Nxc4 Re6 19. Rfd1 Ne4 20. Be1 Nf6 21. Bc3 Ne4 22. Be5 b5 23. Bg4 Rg6 24. Rd7 Rxg4 25. Rxb7 bxc4 26. Rxe7 Kf8 27. Rb7 Rg6 28. Rd1 Re8 29. Rdd7 f6 1-0

[Event "ESP chT Honor Division 2019"]
[Site "Melilla"]
[Date "2019.10.04"]
[Round "5.14"]
[White "Naiditsch, Arkadij"]
[Black "Predke, Alexandr"]
[Result "1/2-1/2"]
[ECO "C84"]
[WhiteElo "2643"]
[BlackElo "2657"]
[Annotator "ChessBase"]
[PlyCount "82"]
[EventDate "2019.09.30"]
[EventType "team-tourn"]
[EventCountry "ESP"]
[SourceTitle "playchess.com"]
[Source "ChessBase"]
[SourceQuality "1"]
[TimeControl "40/5400+30:1800+30"]

1. e4 e5 2. Nf3 Nc6 3. Bb5 a6 4. Ba4 Nf6 5. O-O Be7 6. d3 d6 7. c3 O-O 8. Nbd2 b5 9. Bc2 d5 10. Re1 dxe4 11. dxe4 Be6 12. Qe2 Qc8 13. a4 Rb8 14. b4 Bd6 15. Bd3 Qb7 16. Nf1 h6 17. Nh4 Rfd8 18. h3 Ne7 19. Ng3 c5 20. axb5 axb5 21. bxc5 Bxc5 22. Rb1 b4 23. cxb4 Bxb4 24. Bd2 Nc6 25. Ngf5 Qd7 26. Bxb4 Qxd3 27. Qxd3 Rxd3 28. Ne7+ Nxe7 29. Bxe7 Rxb1 30. Rxb1 Nxe4 31. Re1 Bd5 32. f3 Nc3 33. Rxe5 Be6 34. Bc5 Rd2 35. Be3 Rd1+ 36. Kf2 Rd3 37. Bc1 Rd1 38. Be3 Ra1 39. Ng6 Nd1+ 40. Kg3 Nxe3 41. Rxe3 fxg6 1/2-1/2

[Event "ESP chT Honor Division 2019"]
[Site "Melilla"]
[Date "2019.10.04"]
[Round "5.15"]
[White "Santos Latasa, Jaime"]
[Black "Paehtz, Elisabeth"]
[Result "1/2-1/2"]
[ECO "C11"]
[WhiteElo "2580"]
[BlackElo "2489"]
[Annotator "ChessBase"]
[PlyCount "101"]
[EventDate "2019.09.30"]
[EventType "team-tourn"]
[EventCountry "ESP"]
[SourceTitle "playchess.com"]
[Source "ChessBase"]
[SourceQuality "1"]
[TimeControl "40/5400+30:1800+30"]

1. e4 e6 2. d4 d5 3. Nc3 Nf6 4. e5 Nfd7 5. f4 c5 6. Nf3 Nc6 7. Be3 Be7 8. Qd2 O-O 9. dxc5 Qa5 10. O-O-O b6 11. Bb5 Nb4 12. a3 bxc5 13. Kb1 Rb8 14. axb4 cxb4 15. Nxd5 exd5 16. Bxd7 Bxd7 17. Qxd5 Qxd5 18. Rxd5 Bc6 19. Ra5 Rfc8 20. b3 Be4 21. Nd4 g6 22. Re1 Bxg2 23. Nf5 Bf8 24. Bxa7 Ra8 25. Nd6 Rc6 26. Rd1 f6 27. Nc4 Be4 28. Bb6 Rac8 29. Rd8 fxe5 30. Rxe5 Rxd8 31. Bxd8 Bf5 32. Be7 Bh6 33. Bd6 Rc8 34. Rb5 Re8 35. Be5 Bf8 36. Ne3 Bd7 37. Rb7 Bc6 38. Rc7 Bf3 39. Rd7 Bc6 40. Rd2 Kf7 41. Nc4 Ke6 42. Bd6 Bh6 43. Rf2 Bb5 44. Bxb4 Bxc4 45. bxc4 Rc8 46. Re2+ Kf5 47. Re5+ Kg4 48. h3+ Kxh3 49. Re7 Bxf4 50. Rxh7+ Kg4 51. c3 1/2-1/2

[Event "ESP chT Honor Division 2019"]
[Site "Melilla"]
[Date "2019.10.04"]
[Round "5.16"]
[White "Franco Alonso, Alejandro"]
[Black "Perez Candelario, Manuel"]
[Result "1/2-1/2"]
[ECO "E91"]
[WhiteElo "2384"]
[BlackElo "2621"]
[Annotator "ChessBase"]
[PlyCount "73"]
[EventDate "2019.09.30"]
[EventType "team-tourn"]
[EventCountry "ESP"]
[SourceTitle "playchess.com"]
[Source "ChessBase"]
[SourceQuality "1"]
[TimeControl "40/5400+30:1800+30"]

1. Nf3 Nf6 2. c4 g6 3. Nc3 Bg7 4. e4 d6 5. d4 O-O 6. Be2 Nbd7 7. O-O e5 8. Be3 Re8 9. d5 Nh5 10. g3 Bf8 11. Ne1 Ng7 12. Nd3 f5 13. f3 Be7 14. Qd2 Rf8 15. Rac1 a5 16. a3 b6 17. b4 Nf6 18. Nf2 Nfh5 19. Bh6 f4 20. g4 Bg5 21. Bxg5 Qxg5 22. Nd3 Nf6 23. Qe1 Qh6 24. c5 axb4 25. axb4 bxc5 26. bxc5 g5 27. Nf2 Nd7 28. c6 Nc5 29. Ra1 Rb8 30. Rb1 Ra8 31. Ra1 Rb8 32. Nb5 Ne8 33. Ra7 Qh4 34. Nd1 Qh3 35. Nf2 Qh4 36. Nd1 Qh3 37. Nf2 1/2-1/2

[Event "ESP chT Honor Division 2019"]
[Site "Melilla"]
[Date "2019.10.04"]
[Round "5.17"]
[White "Moreno Tejera, Emilio"]
[Black "Gonzalez De La Torre, Santiago"]
[Result "1-0"]
[ECO "B42"]
[WhiteElo "2427"]
[BlackElo "2423"]
[Annotator "NA"]
[PlyCount "55"]
[EventDate "2019.09.30"]
[EventType "team-tourn"]
[EventCountry "ESP"]
[SourceTitle "playchess.com"]
[Source "ChessBase"]
[SourceQuality "1"]
[TimeControl "40/5400+30:1800+30"]

1. e4 c5 2. Nf3 e6 3. d4 cxd4 4. Nxd4 a6 5. Bd3 Bc5 6. Nb3 Be7 7. Qg4 g6 8. Qe2 d6 9. O-O Nd7 10. Na3 Ne5 11. Nc4 Nxc4 12. Bxc4 Qc7 13. Rd1 Nf6 14. Bh6 d5 15. Bd3 dxe4 16. Bxe4 Bf8 17. Bg5 Bg7 18. Qf3 Nd7 19. Bf4 e5 20. Bd2 a5 21. Qc3 Qxc3 22. Bxc3 a4 23. Na5 Ra7 24. Nc4 f5 25. Nd6+ Ke7 26. Bb4 Kf6 27. Nxc8 Rxc8 28. Rd6+ 1-0

[Event "ESP chT Honor Division 2019"]
[Site "Melilla"]
[Date "2019.10.04"]
[Round "5.18"]
[White "Argandona Riveiro, Inigo"]
[Black "Bivol, Alina"]
[Result "1/2-1/2"]
[ECO "A05"]
[WhiteElo "2413"]
[BlackElo "2371"]
[Annotator "NA"]
[PlyCount "120"]
[EventDate "2019.09.30"]
[EventType "team-tourn"]
[EventCountry "ESP"]
[SourceTitle "playchess.com"]
[Source "ChessBase"]
[SourceQuality "1"]
[TimeControl "40/5400+30:1800+30"]

1. Nf3 Nf6 2. b3 g6 3. Bb2 Bg7 4. g3 O-O 5. Bg2 d6 6. d4 e5 7. dxe5 Ng4 8. O-O Nc6 9. c4 a5 10. Nc3 Ngxe5 11. Nxe5 Nxe5 12. Qd2 a4 13. Rad1 axb3 14. axb3 Be6 15. Ra1 Rxa1 16. Rxa1 c6 17. Nd1 Re8 18. h3 Qc7 19. Kh2 Nd7 20. Bxg7 Kxg7 21. Nc3 Nf6 22. Qd4 c5 23. Nb5 cxd4 24. Nxc7 Re7 25. Nb5 d5 26. cxd5 Bxd5 27. Bxd5 Nxd5 28. Nxd4 Rc7 29. Kg2 Kf6 30. Kf3 h5 31. e3 Nb4 32. Ra5 Ke7 33. Re5+ Kd7 34. Rb5 Nc6 35. Rb6 Nd8 36. Rb5 Nc6 37. g4 hxg4+ 38. hxg4 Kd6 39. Nxc6 bxc6 40. Rb8 Ke5 41. Re8+ Kd6 42. Kf4 Rb7 43. Rd8+ Ke6 44. Rd3 Rb4+ 45. Kg3 f5 46. f4 g5 47. Rc3 gxf4+ 48. exf4 fxg4 49. Rxc6+ Kf5 50. Rc5+ Kf6 51. Kxg4 Rxb3 52. Rc6+ Kg7 53. Kg5 Rb5+ 54. f5 Rb7 55. Rg6+ Kf8 56. Rh6 Rg7+ 57. Kf4 Rb7 58. Rc6 Ra7 59. Ke5 Re7+ 60. Re6 Kf7 1/2-1/2

[Event "ESP chT Honor Division 2019"]
[Site "Melilla"]
[Date "2019.10.04"]
[Round "5.19"]
[White "Iturrizaga Bonelli, Eduardo"]
[Black "Sasikiran, Krishnan"]
[Result "1/2-1/2"]
[ECO "A22"]
[WhiteElo "2629"]
[BlackElo "2675"]
[Annotator "ChessBase"]
[PlyCount "99"]
[EventDate "2019.09.30"]
[EventType "team-tourn"]
[EventCountry "ESP"]
[SourceTitle "playchess.com"]
[Source "ChessBase"]
[SourceQuality "1"]
[TimeControl "40/5400+30:1800+30"]

1. c4 e5 2. Nc3 Nf6 3. g3 d5 4. cxd5 Nxd5 5. Bg2 Nb6 6. Nf3 Nc6 7. O-O Be7 8. d3 O-O 9. Be3 Be6 10. Rc1 Qd7 11. a3 Nd5 12. Nxd5 Bxd5 13. Qa4 Rfd8 14. Rfd1 a6 15. Qc2 Qe6 16. Nd2 h5 17. Bxd5 Rxd5 18. Qb3 Na5 19. Qa2 Rc8 20. h4 Nc6 21. Qb3 Na5 22. Qa2 Nc6 23. Qb3 Nd8 24. Nc4 Rb5 25. Qc3 Nc6 26. a4 Rb4 27. a5 Rd8 28. Ra1 Rb5 29. Qe1 e4 30. Qf1 Rbd5 31. Bf4 exd3 32. exd3 Qd7 33. Rac1 Bf6 34. Kh1 Rb5 35. Rd2 Nd4 36. Na3 Nb3 37. Nxb5 Nxd2 38. Bxd2 axb5 39. Bc3 Bxc3 40. Rxc3 c6 41. Kh2 Re8 42. Qd1 Re5 43. Qf3 Rd5 44. Qf4 g6 45. Ra3 Qc8 46. d4 Kg7 47. Rf3 Qf5 48. Qe3 Qe6 49. b4 Qd7 50. Rf4 1/2-1/2

[Event "ESP chT Honor Division 2019"]
[Site "Melilla"]
[Date "2019.10.04"]
[Round "5.20"]
[White "Ganguly, Surya Shekhar"]
[Black "Vazquez Igarza, Renier"]
[Result "1/2-1/2"]
[ECO "B92"]
[WhiteElo "2658"]
[BlackElo "2557"]
[Annotator "ChessBase"]
[PlyCount "82"]
[EventDate "2019.09.30"]
[EventType "team-tourn"]
[EventCountry "ESP"]
[SourceTitle "playchess.com"]
[Source "ChessBase"]
[SourceQuality "1"]
[TimeControl "40/5400+30:1800+30"]

1. e4 c5 2. Nf3 d6 3. d4 cxd4 4. Nxd4 Nf6 5. Nc3 a6 6. Be2 e5 7. Nb3 Be7 8. O-O O-O 9. Be3 Be6 10. Re1 Qc7 11. Bf3 Rc8 12. a4 Nbd7 13. h3 h6 14. Nd2 Qc6 15. Nf1 b5 16. axb5 axb5 17. Nd5 Bxd5 18. exd5 Qb7 19. Rxa8 Qxa8 20. Ng3 Bf8 21. c3 Qb7 22. Qb3 Nc5 23. Bxc5 Rxc5 24. Ra1 g6 25. Ra5 h5 26. h4 Qe7 27. Rxb5 Rxb5 28. Qxb5 e4 29. Be2 Qe5 30. Nf1 Bh6 31. c4 Bc1 32. Qb8+ Kg7 33. c5 e3 34. f3 Qxd5 35. cxd6 Qd4 36. g3 Bxb2 37. Qb3 Bc3 38. Kg2 Bd2 39. Qd3 Qxd3 40. Bxd3 Kf8 41. f4 Bb4 1/2-1/2

[Event "ESP chT Honor Division 2019"]
[Site "Melilla"]
[Date "2019.10.04"]
[Round "5.21"]
[White "Moreno Ruiz, Javier"]
[Black "Santos Ruiz, Miguel"]
[Result "0-1"]
[ECO "E46"]
[WhiteElo "2470"]
[BlackElo "2560"]
[Annotator "ChessBase"]
[PlyCount "80"]
[EventDate "2019.09.30"]
[EventType "team-tourn"]
[EventCountry "ESP"]
[SourceTitle "playchess.com"]
[Source "ChessBase"]
[SourceQuality "1"]
[TimeControl "40/5400+30:1800+30"]

1. d4 Nf6 2. c4 e6 3. Nc3 Bb4 4. e3 O-O 5. Nge2 Re8 6. a3 Bf8 7. Ng3 d5 8. Be2 b6 9. cxd5 exd5 10. b4 c6 11. O-O Ba6 12. Bxa6 Nxa6 13. Qd3 Nb8 14. Bd2 Nbd7 15. Rab1 b5 16. a4 a6 17. a5 Bd6 18. f3 Qc7 19. Nce2 h5 20. Rfc1 h4 21. Nf1 Nf8 22. Qf5 Ng6 23. Rc2 Re6 24. Rbc1 Ne7 25. Qd3 g5 26. h3 Re8 27. Kh1 Qd7 28. Be1 Nh5 29. e4 dxe4 30. fxe4 Ng6 31. e5 Bxe5 32. Qf5 Bh8 33. Qxg5 Nf6 34. Nf4 Rxe1 35. Nxg6 fxg6 36. Qxg6+ Bg7 37. Qg5 Qxd4 38. Qf5 Qe4 39. Qxe4 R8xe4 40. Rxc6 Nh5 0-1

[Event "ESP chT Honor Division 2019"]
[Site "Melilla"]
[Date "2019.10.04"]
[Round "5.22"]
[White "Tejedor Fuente, Enrique"]
[Black "Quispe Arteaga, Gabriel"]
[Result "0-1"]
[ECO "B23"]
[WhiteElo "2453"]
[BlackElo "2404"]
[Annotator "ChessBase"]
[PlyCount "144"]
[EventDate "2019.09.30"]
[EventType "team-tourn"]
[EventCountry "ESP"]
[SourceTitle "playchess.com"]
[Source "ChessBase"]
[SourceQuality "1"]
[TimeControl "40/5400+30:1800+30"]

1. e4 c5 2. Nc3 e6 3. g3 Nc6 4. Bg2 g6 5. d3 Bg7 6. Be3 b6 7. Qd2 Bb7 8. Nge2 d6 9. h3 Nd4 10. Bxd4 cxd4 11. Nb5 e5 12. Qb4 Bf8 13. c3 a6 14. Na3 dxc3 15. Nxc3 b5 16. Qb3 Nf6 17. Nc2 Nd7 18. Ne3 Bh6 19. Ncd5 Nc5 20. Qd1 Bxe3 21. Nxe3 Qa5+ 22. Ke2 O-O 23. Qd2 Qb6 24. h4 f5 25. f3 Ne6 26. h5 f4 27. gxf4 Nxf4+ 28. Kd1 Qd4 29. hxg6 hxg6 30. Bf1 Rac8 31. Rc1 Kg7 32. Rxc8 Bxc8 33. Kc1 Be6 34. Kb1 Bc4 35. Nc2 Bxd3 36. Bxd3 Qxd3 37. Qh2 Nh5 38. Rg1 Rxf3 39. a3 Rf1+ 40. Rxf1 Qxf1+ 41. Ka2 Qc4+ 42. Ka1 Qxe4 43. Qd2 Nf4 44. Nb4 a5 45. Qxd6 Qe1+ 46. Ka2 axb4 47. axb4 Qe2 48. Qe7+ Kh6 49. Ka3 g5 50. b3 Qe1 51. Ka2 Ng6 52. Qc5 Qd2+ 53. Ka3 Qd4 54. Qc1 e4 55. Qh1+ Kg7 56. Qc1 e3 57. Qc7+ Kh6 58. Qh2+ Nh4 59. Ka2 Qd2+ 60. Ka3 Qc1+ 61. Ka2 Qd1 62. Qe5 Qf3 63. Ka3 Qa8+ 64. Kb2 Qa7 65. Qh8+ Kg6 66. Qe8+ Kf5 67. Qxb5+ Kf4 68. Qc4+ Kg3 69. Qd5 Nf3 70. Qe6 Kf2 71. b5 e2 72. b6 Qg7+ 0-1

[Event "ESP chT Honor Division 2019"]
[Site "Melilla"]
[Date "2019.10.04"]
[Round "5.23"]
[White "Martin Duque, Jesus"]
[Black "Ubilava, Elizbar"]
[Result "1-0"]
[ECO "C50"]
[WhiteElo "2445"]
[BlackElo "2481"]
[Annotator "ChessBase"]
[PlyCount "129"]
[EventDate "2019.09.30"]
[EventType "team-tourn"]
[EventCountry "ESP"]
[SourceTitle "playchess.com"]
[Source "ChessBase"]
[SourceQuality "1"]
[TimeControl "40/5400+30:1800+30"]

1. e4 e5 2. Nf3 Nc6 3. Bc4 Bc5 4. d3 Nf6 5. O-O d6 6. c3 O-O 7. h3 h6 8. Re1 a6 9. a4 Ne7 10. Nbd2 Ng6 11. Nf1 Re8 12. Ng3 Ba7 13. Qb3 Rf8 14. d4 c6 15. dxe5 dxe5 16. a5 Qc7 17. Nf5 Nxe4 18. Nxh6+ gxh6 19. Rxe4 Bf5 20. Re1 Kg7 21. Be3 Bxe3 22. Rxe3 Rad8 23. Rae1 Rfe8 24. Nd4 Bc8 25. Qc2 Re7 26. Nf5+ Bxf5 27. Qxf5 Rd6 28. Rf3 Qd7 29. Qh5 Qd8 30. Re4 Nf4 31. Rg3+ Rg6 32. Qh4 Qd6 33. Ree3 Qf6 34. Qxf6+ Kxf6 35. Ref3 Rd7 36. Kh2 Rd2 37. b4 Ke7 38. Rxg6 fxg6 39. g3 Nd5 40. Bd3 g5 41. Bg6 Nf6 42. Kg2 c5 43. Re3 cxb4 44. cxb4 Rb2 45. Rxe5+ Kd6 46. Re1 Rxb4 47. Bf5 Nd5 48. Re6+ Kc5 49. Rxh6 Rb5 50. Rg6 Rxa5 51. Rxg5 Kd6 52. h4 Ne7 53. Bc2 Rxg5 54. hxg5 b5 55. Kh3 a5 56. f4 a4 57. Kg4 Ke6 58. Kh5 a3 59. g4 Kd5 60. Bb3+ Kd4 61. f5 Kc3 62. Be6 Nc6 63. f6 Nd8 64. Bd5 b4 65. g6 1-0

[Event "ESP chT Honor Division 2019"]
[Site "Melilla"]
[Date "2019.10.04"]
[Round "5.24"]
[White "Arabidze, Meri"]
[Black "Di Benedetto, Desiree"]
[Result "1/2-1/2"]
[ECO "D38"]
[WhiteElo "2398"]
[BlackElo "2235"]
[Annotator "NA"]
[PlyCount "99"]
[EventDate "2019.09.30"]
[EventType "team-tourn"]
[EventCountry "ESP"]
[SourceTitle "playchess.com"]
[Source "ChessBase"]
[SourceQuality "1"]
[TimeControl "40/5400+30:1800+30"]

1. d4 Nf6 2. c4 e6 3. Nf3 d5 4. Nc3 Bb4 5. Bg5 h6 6. Bxf6 Qxf6 7. Qa4+ Nc6 8. cxd5 exd5 9. e3 O-O 10. Be2 Bd6 11. O-O Be6 12. Rfc1 a6 13. Qd1 Ne7 14. a3 g5 15. e4 dxe4 16. Nxe4 Qf4 17. Nxd6 Qxd6 18. Bc4 Bxc4 19. Rxc4 Ng6 20. Rac1 c6 21. Rb4 Rab8 22. g3 Rfd8 23. Qb3 b5 24. Qc2 a5 25. Rb3 g4 26. Ne5 Nxe5 27. dxe5 Qxe5 28. Re3 Qd5 29. Re4 Qg5 30. Rce1 Rd6 31. Qc3 Kh7 32. Qxa5 Rbd8 33. Qc7 R8d7 34. Qc8 Qf5 35. Rf4 Qg6 36. Qe8 Kg7 37. Qe5+ f6 38. Qe2 h5 39. Re4 Qf7 40. Qc2 f5 41. Re5 Rf6 42. Qc1 Kg6 43. Qf4 Qb3 44. R5e2 Rd1 45. Qe5 Rxe1+ 46. Rxe1 Qf7 47. Rd1 Re6 48. Rd6 Rxd6 49. Qxd6+ Qf6 50. Qd2 1/2-1/2

[Event "ESP chT Honor Division 2019"]
[Site "Melilla"]
[Date "2019.10.05"]
[Round "6.2"]
[White "Ganguly, Surya Shekhar"]
[Black "Idani, Pouya"]
[Result "1/2-1/2"]
[ECO "A13"]
[WhiteElo "2658"]
[BlackElo "2568"]
[Annotator "RC"]
[PlyCount "172"]
[EventDate "2019.09.30"]
[EventType "team-tourn"]
[EventCountry "ESP"]
[SourceTitle "playchess.com"]
[Source "ChessBase"]
[SourceQuality "1"]
[TimeControl "40/5400+30:1800+30"]

1. c4 e6 2. g3 d5 3. Bg2 Nf6 4. Nf3 dxc4 5. Qa4+ Bd7 6. Qxc4 c5 7. d4 Bc6 8. O-O Bd5 9. Qd3 cxd4 10. Nxd4 Bxg2 11. Kxg2 Nc6 12. Be3 Qd7 13. Rc1 Nb4 14. Qb5 Nbd5 15. Bd2 Qxb5 16. Nxb5 a6 17. Nc7+ Nxc7 18. Rxc7 b5 19. a4 b4 20. Be1 Bd6 21. Rb7 Nd7 22. Nd2 a5 23. Nc4 Bb8 24. Rc1 Nc5 25. Nb6 Nxb7 26. Rc8+ Nd8 27. Nxa8 Be5 28. b3 O-O 29. Nb6 Bd6 30. Nc4 Nb7 31. Rc6 Bc5 32. Rc7 Rb8 33. Bd2 f6 34. Be3 Bxe3 35. fxe3 h5 36. e4 e5 37. Kf3 Nd8 38. Nxa5 Ne6 39. Nc6 Ra8 40. Rb7 Kh7 41. Rb8 Rxb8 42. Nxb8 Nd4+ 43. Ke3 Nxb3 44. Na6 Kg6 45. Nxb4 Kf7 46. Nd5 Ke6 47. Nc3 Kd6 48. Kd3 Kc5 49. Nd5 Kd6 50. Ke3 Nc5 51. Nc3 Nb3 52. h4 Kc5 53. Nd5 Kd6 54. Nb6 Kc6 55. Nc8 Kd7 56. Nb6+ Kc6 57. Nc4 Kc5 58. a5 Nd4 59. a6 Nc6 60. Nb2 Kb5 61. Nd3 Kxa6 62. Nc5+ Kb6 63. Ne6 g6 64. Nf8 Ne7 65. Nd7+ Kc6 66. Nxf6 Kd6 67. Nh7 Ke6 68. Ng5+ Kd6 69. Kd3 Ng8 70. Nh7 Ke7 71. Kc4 Nh6 72. Kc5 Ng4 73. Kd5 Kf7 74. Kd6 Kg7 75. Ng5 Kf6 76. Ne6 Ne3 77. Nc7 Nc4+ 78. Kd5 Ne3+ 79. Kc5 Nf1 80. Kd6 Nxg3 81. Nd5+ Kf7 82. Kxe5 Nxe2 83. Kd6 g5 84. e5 Nd4 85. hxg5 Kg6 86. Ne3 h4 1/2-1/2

[Event "ESP chT Honor Division 2019"]
[Site "Melilla"]
[Date "2019.10.05"]
[Round "6.3"]
[White "Pap, Misa"]
[Black "Santos Ruiz, Miguel"]
[Result "0-1"]
[ECO "B22"]
[WhiteElo "2432"]
[BlackElo "2560"]
[Annotator "ChessBase"]
[PlyCount "118"]
[EventDate "2019.09.30"]
[EventType "team-tourn"]
[EventCountry "ESP"]
[SourceTitle "playchess.com"]
[Source "ChessBase"]
[SourceQuality "1"]
[TimeControl "40/5400+30:1800+30"]

1. e4 c5 2. c3 Nf6 3. e5 Nd5 4. Nf3 d6 5. d4 cxd4 6. Bc4 Nb6 7. Bb3 Nc6 8. exd6 Qxd6 9. O-O Be6 10. Na3 dxc3 11. Nb5 Qxd1 12. Rxd1 Rc8 13. Bxe6 fxe6 14. bxc3 Nc4 15. Ng5 e5 16. a4 h6 17. Ne4 b6 18. h4 g6 19. Rd3 Bg7 20. Na3 N6a5 21. Nxc4 Nxc4 22. Kf1 Rc7 23. Ke2 Kf7 24. Bd2 Rhc8 25. Be1 Ke6 26. f3 Nd6 27. a5 Nxe4 28. fxe4 Rc4 29. Re3 b5 30. a6 Ra4 31. Rb1 Rb8 32. Bd2 h5 33. Rg3 Rxe4+ 34. Kd3 Rxh4 35. Rxg6+ Bf6 36. Be3 Ra4 37. Bxa7 Rd8+ 38. Kc2 Rxa6 39. Be3 Ra2+ 40. Kb3 Re2 41. Bc5 Kf5 42. Rg3 Rdd2 43. Rh3 Kg4 44. Re3 Rxe3 45. Bxe3 Rxg2 46. Kb4 e4 47. Bd4 Bxd4 48. cxd4 h4 49. Kxb5 h3 50. Kc6 h2 51. Re1 e3 52. Rxe3 h1=Q 53. Re4+ Kh5 54. Rxe7 Rg7+ 55. Kd6 Rxe7 56. Kxe7 Qd5 57. Kf6 Kh6 58. Ke7 Kg6 59. Ke8 Kf6 0-1

[Event "ESP chT Honor Division 2019"]
[Site "Melilla"]
[Date "2019.10.05"]
[Round "6.4"]
[White "Tejedor Fuente, Enrique"]
[Black "Suarez Real, Alberto"]
[Result "1-0"]
[ECO "A00"]
[WhiteElo "2453"]
[BlackElo "2460"]
[Annotator "ChessBase"]
[PlyCount "79"]
[EventDate "2019.09.30"]
[EventType "team-tourn"]
[EventCountry "ESP"]
[SourceTitle "playchess.com"]
[Source "ChessBase"]
[SourceQuality "1"]
[TimeControl "40/5400+30:1800+30"]

1. Nc3 c5 2. Nf3 Nc6 3. d4 cxd4 4. Nxd4 Nf6 5. Bg5 Qa5 6. Bxf6 gxf6 7. Nb3 Qe5 8. Qd2 e6 9. f4 Qc7 10. e4 Bb4 11. g3 a6 12. a3 Be7 13. O-O-O d6 14. Bh3 Bd7 15. f5 O-O-O 16. Qh6 Rdg8 17. Ne2 Na5 18. Nxa5 Qxa5 19. Nf4 Qe5 20. Qh5 Rg7 21. Rhe1 Kb8 22. Qf3 Re8 23. Re3 Rc8 24. Kb1 Rc6 25. Rb3 Rg8 26. Nd5 Bd8 27. Nb4 Rb6 28. Qh5 Rf8 29. Qh6 Be7 30. fxe6 fxe6 31. Qxh7 Re8 32. Nd3 Qa5 33. Rxb6 Qxb6 34. Qf7 f5 35. exf5 exf5 36. Re1 Qd8 37. Bxf5 Bb5 38. Bg6 d5 39. Qh7 Bxd3 40. cxd3 1-0

[Event "ESP chT Honor Division 2019"]
[Site "Melilla"]
[Date "2019.10.05"]
[Round "6.5"]
[White "Ortega Hermida, Daniel"]
[Black "Ubilava, Elizbar"]
[Result "1/2-1/2"]
[ECO "B90"]
[WhiteElo "2341"]
[BlackElo "2481"]
[Annotator "ChessBase"]
[PlyCount "60"]
[EventDate "2019.09.30"]
[EventType "team-tourn"]
[EventCountry "ESP"]
[SourceTitle "playchess.com"]
[Source "ChessBase"]
[SourceQuality "1"]
[TimeControl "40/5400+30:1800+30"]

1. e4 c5 2. Nf3 d6 3. d4 cxd4 4. Nxd4 Nf6 5. Nc3 a6 6. Be3 e6 7. f3 h5 8. Qd2 Be7 9. Bc4 Nc6 10. Nxc6 bxc6 11. O-O-O d5 12. Bb3 Bb7 13. Rhe1 O-O 14. Qf2 Nd7 15. a3 Qc7 16. Kb1 Rac8 17. f4 Nf6 18. h3 c5 19. exd5 c4 20. Bb6 Bc5 21. Bxc5 Qxc5 22. Qxc5 Rxc5 23. Ba2 Bxd5 24. g3 Rb8 25. Rd4 g6 26. Re5 Rc7 27. Kc1 Kg7 28. Re3 Rc5 29. Re5 Rc7 30. Re3 Rc5 1/2-1/2

[Event "ESP chT Honor Division 2019"]
[Site "Melilla"]
[Date "2019.10.05"]
[Round "6.8"]
[White "Vazquez Igarza, Renier"]
[Black "Naiditsch, Arkadij"]
[Result "1-0"]
[ECO "A37"]
[WhiteElo "2557"]
[BlackElo "2643"]
[Annotator "ChessBase"]
[PlyCount "49"]
[EventDate "2019.09.30"]
[EventType "team-tourn"]
[EventCountry "ESP"]
[SourceTitle "playchess.com"]
[Source "ChessBase"]
[SourceQuality "1"]
[TimeControl "40/5400+30:1800+30"]

1. Nf3 c5 2. c4 Nc6 3. Nc3 g6 4. g3 Bg7 5. Bg2 d6 6. O-O h5 7. e3 Nh6 8. a3 Bg4 9. h3 Bd7 10. d4 Qc8 11. Nd5 Kf8 12. dxc5 Bxh3 13. cxd6 exd6 14. Nf4 Bxg2 15. Kxg2 Nf5 16. e4 Nfd4 17. Nxd4 Bxd4 18. Be3 Bxb2 19. Qxd6+ Kg7 20. Rad1 Re8 21. Rh1 Kg8 22. Nxg6 Qg4 23. Nf4 Ne5 24. Rxh5 Re6 25. Qd8+ 1-0

[Event "ESP chT Honor Division 2019"]
[Site "Melilla"]
[Date "2019.10.05"]
[Round "6.9"]
[White "Paehtz, Elisabeth"]
[Black "Quispe Arteaga, Gabriel"]
[Result "1-0"]
[ECO "B31"]
[WhiteElo "2489"]
[BlackElo "2404"]
[Annotator "ChessBase"]
[PlyCount "63"]
[EventDate "2019.09.30"]
[EventType "team-tourn"]
[EventCountry "ESP"]
[SourceTitle "playchess.com"]
[Source "ChessBase"]
[SourceQuality "1"]
[TimeControl "40/5400+30:1800+30"]

1. e4 c5 2. Nf3 Nc6 3. Bb5 g6 4. Bxc6 dxc6 5. d3 Bg7 6. Nc3 Bg4 7. h3 Bxf3 8. Qxf3 Nf6 9. Qe2 O-O 10. Be3 Qb6 11. O-O Nd7 12. Rab1 Bd4 13. Bh6 Rfe8 14. Kh1 e6 15. Nd1 f5 16. Ne3 Ne5 17. Bf4 Bxe3 18. Bxe3 Qa5 19. Bd2 Qd8 20. f4 Nd7 21. Bc3 Kf7 22. Rbe1 Qh4 23. Rf3 Nf6 24. Kg1 Rad8 25. b3 b6 26. Re3 Nh5 27. Be5 Nf6 28. a4 Rd7 29. Bc3 Nh5 30. exf5 gxf5 31. Rxe6 Rg8 32. Rh6 {[%emt 0:01:44] Ke8} 1-0

[Event "ESP chT Honor Division 2019"]
[Site "Melilla"]
[Date "2019.10.05"]
[Round "6.10"]
[White "Suarez Uriel, Adrian"]
[Black "Franco Alonso, Alejandro"]
[Result "1-0"]
[ECO "C42"]
[WhiteElo "2392"]
[BlackElo "2384"]
[Annotator "ChessBase"]
[PlyCount "65"]
[EventDate "2019.09.30"]
[EventType "team-tourn"]
[EventCountry "ESP"]
[SourceTitle "playchess.com"]
[Source "ChessBase"]
[SourceQuality "1"]
[TimeControl "40/5400+30:1800+30"]

1. e4 e5 2. Nf3 Nf6 3. d3 Nc6 4. Be2 Bc5 5. O-O d6 6. c3 a6 7. Re1 Ba7 8. Nbd2 O-O 9. h3 Ne7 10. Nf1 Ng6 11. Ng3 Re8 12. Bf1 h6 13. d4 Bd7 14. Qc2 Nh7 15. Be3 Ng5 16. Nxg5 hxg5 17. Qd2 g4 18. hxg4 Bxg4 19. Bg5 Qd7 20. f3 f6 21. fxg4 Qxg4 22. Bc4+ Kh7 23. Nf5 fxg5 24. Re3 exd4 25. cxd4 Rxe4 26. Rxe4 Qxf5 27. Bd3 Qf6 28. Rf1 Bxd4+ 29. Kh1 Rh8 30. g3 Kg8+ 31. Kg2 Nf4+ 32. gxf4 gxf4 33. Re8+ 1-0